 Dungeon Crawl Stone Soup version 0.20.1-1-g8b1a95d (webtiles) character file.

35 equalderp2856 the Scratcher (level 3, 0/17 HPs)
             Began as a Felid Fighter on Aug 27, 2017.
             Slain by a hobgoblin (4 damage)
             ... on level 2 of the Dungeon.
             The game lasted 00:01:20 (1111 turns).

equalderp2856 the Scratcher (Felid Fighter)         Turns: 1111, Time: 00:01:21

Health: 0/17       AC:  1    Str: 12    XL:     3   Next: 16%
Magic:  4/4        EV: 19    Int: 10    God:
Gold:   41         SH:  3    Dex: 15    Spells: 2/2 levels left
                                        Lives:  0   Deaths: 0

rFire    . . .     SeeInvis +     - Unarmed
rCold    . . .     Gourm    .   (shield unavailable)
rNeg     . . .     Faith    .   (armour unavailable)
rPois    .         Spirit   .   (helmet unavailable)
rElec    .         Reflect  +   (cloak unavailable)
rCorr    .         Harm     .   (gloves unavailable)
MR       .....                  (boots unavailable)
Stlth    ++........             d - +3 amulet of reflection
Regen    0.1/turn               (no ring)
MPRegen  0.1/turn               (no ring)

@: quick
A: no armour, no weapons or thrown items, stealth, claws 1, fangs 3, see
invisible, carnivore 3, speed 1, shaggy fur 1, slow metabolism 1, sharp paws
a: no special abilities


You were on level 2 of the Dungeon.
You were not hungry.

You visited 1 branch of the dungeon, and saw 2 of its levels.

You collected 41 gold pieces.

Inventory:

Jewellery
 d - a +3 amulet of reflection (around neck)
 f - a cursed ring of loudness {unknown}
Scrolls
 e - 2 scrolls of identify {unknown}
 h - a scroll of noise {unknown}
 i - a scroll of amnesia {unknown}
 k - a scroll of immolation {unknown}
 l - 2 scrolls of enchant armour {unknown}
 m - a scroll of fog {unknown}
 p - a scroll of teleportation {unknown}
Potions
 a - a potion of might
 c - a potion of curing {unknown}
 g - a potion of lignification {unknown}
 j - a potion of brilliance {unknown}
 n - a potion of heal wounds {unknown}
Comestibles
 b - a meat ration
 o - a royal jelly


   Skills:
 + Level 3.3 Fighting
 + Level 4.2 Dodging
 + Level 0.4 Stealth
 + Level 4.6 Unarmed Combat


You had 2 spell levels left.
You didn't know any spells.

Dungeon Overview and Level Annotations

Branches:
Dungeon (2/15)

Altars:

Annotations:
D:2 Natasha


Innate Abilities, Weirdness & Mutations

You cannot wear armour.
You are incapable of wielding weapons or throwing items.
Your paws allow you to move quietly. (Stealth)
You have sharp claws.
You have razor-sharp teeth.
You have supernaturally acute eyesight. (SInv)
You are carnivorous and can eat meat at any time.
You cover ground quickly.
You are covered in fur. (AC +1)
You have a slow metabolism.
Your sharp claws are effective at attacking unaware monsters.


Message History

You closely miss the crimson imp. The crimson imp misses you.
The hobgoblin misses you. Natasha barely misses you.
A rat comes into view.
You scratch the crimson imp but do no damage.
The crimson imp closely misses you. The hobgoblin hits you.
You barely miss the crimson imp. Natasha claws you! The crimson imp hits you.
* * * LOW HITPOINT WARNING * * *
You are too injured to fight recklessly!
You are too injured to fight recklessly!
You are too injured to fight recklessly!
You are too injured to fight recklessly!
You are too injured to fight recklessly!
Unknown command.
The hobgoblin shouts!
Natasha completely misses you. The crimson imp misses you.
The crimson imp blinks!
Natasha extends her claws.
There is a stone staircase leading up here.
The hobgoblin hits you.
You die...

#...<...#
#.......####
#...<.......
#.......####
##+####.......#
#..#..........#
#.#..........#
###............#
#.@..#........##
#g##..#......##
###h###.........#
#...#####.#####..
#..##.55g.... ###
#.# #rK....... #.
#rg....... .
#........ .
......?..


You could see Natasha and a hobgoblin.

Vanquished Creatures
  A dart slug (D:1)
  2 bats
  2 giant cockroaches (D:1)
  3 goblins (D:1)
  2 hobgoblins (D:1)
  8 jackals (D:1)
  4 kobolds (D:1)
  A ball python (D:1)
  2 frilled lizards (D:1)
  4 rats (D:1)
29 creatures vanquished.

Notes
Turn   | Place    | Note
-------+----------+-------------------------------------------
     0 | D:1      | equalderp2856 the Felid Fighter began the quest for the Orb.
     0 | D:1      | Reached XP level 1. HP: 10/10 MP: 2/2
   295 | D:1      | Reached XP level 2. HP: 14/14 MP: 3/3
   661 | D:1      | Reached XP level 3. HP: 10/17 MP: 4/4
  1097 | D:2      | Noticed Natasha
  1111 | D:2      | Slain by a hobgoblin

Action                   || total
-------------------------++-------
Melee: Unarmed           ||    74
       Bite              ||    11
       Punch             ||     1
 Stab: Sleeping          ||     1
Armor: Skin              ||     4
Dodge: Dodged            ||    57
Block: Other             ||     3
